TOP OF THE 1ST |
Balzac Rams batting - Pitching for Menlo Maniacs : RHP Johnny Bryant
|
Pitching: RHP Johnny Bryant
|
|
Batting: RHB Tomás Díaz
|
0-0: Foul Ball, location: 2F 0-1: Ball 1-1: Ball 2-1: Foul Ball, location: 2F 2-2: Strikes out looking
|
Batting: RHB Brian Parks
|
0-0: Ball 1-0: Ball 2-0: Ground out 6-3 (Groundball, 6)
|
Batting: LHB Fernando Cruz
|
0-0: Called Strike 0-1: Ball 1-1: Ball 2-1: Foul Ball, location: 2F 2-2: Ball 3-2: Foul Ball, location: 2F 3-2: Base on Balls
|
Batting: LHB Daniel Carter
|
0-0: Called Strike 0-1: Ball 1-1: Called Strike 1-2: Foul Ball, location: 2F Balk! Fernando Cruz to second 1-2: Strikes out looking
|
Top of the 1st over - 0 run(s), 0 hit(s), 0 error(s), 1 left on base; Balzac 0 - Menlo 0 |
BOTTOM OF THE 1ST |
Menlo Maniacs batting - Pitching for Balzac Rams : RHP Steve Deal
|
Pitching: RHP Steve Deal
|
|
Batting: RHB Gabriel Erwin
|
0-0: Called Strike 0-1: Fly out, F8 (Flyball, 8RS)
|
Batting: LHB Mike Harris
|
0-0: Reached on error, E5 (Groundball, 56)
|
Batting: LHB Keith Green
|
0-0: Called Strike 0-1: Ball 1-1: Fielders Choice at 2nd, 4-6 (Groundball, 4)
|
Batting: LHB Vicente Chávez
|
0-0: Ball 1-0: Swinging Strike 1-1: SINGLE (Flyball, 7S) Keith Green to second
|
Batting: RHB Javier Ortíz
|
0-0: Ball 1-0: Ball 2-0: Ball 3-0: Base on Balls Keith Green to third Vicente Chávez to second
|
Batting: RHB Vaughan Price
|
0-0: Ball 1-0: Swinging Strike 1-1: Ground out 5-3 (Groundball, 56S)
|
Bottom of the 1st over - 0 run(s), 1 hit(s), 1 error(s), 3 left on base; Balzac 0 - Menlo 0 |
TOP OF THE 2ND |
Balzac Rams batting - Pitching for Menlo Maniacs : RHP Johnny Bryant
|
Batting: RHB Jeff Stevenson
|
0-0: Called Strike 0-1: Ball 1-1: SOLO HOME RUN (Flyball, 8LXD), Distance : 428 ft
|
Batting: RHB Enrique Castillo
|
0-0: SINGLE (Groundball, 4D)
|
Batting: RHB Tommy Wilson
|
0-0: Ball 1-0: Called Strike 1-1: Ball 2-1: Foul Ball, location: 2F 2-2: Ball 3-2: Foul Ball, location: 2F 3-2: Strikes out looking Enrique Castillo is caught stealing 2nd base Batter strikes out.
|
Batting: RHB Ricardo Muńóz
|
0-0: Called Strike 0-1: Foul Ball, location: 2F 0-2: Ball 1-2: Strikes out swinging
|
Top of the 2nd over - 1 run(s), 2 hit(s), 0 error(s), 0 left on base; Balzac 1 - Menlo 0 |
BOTTOM OF THE 2ND |
Menlo Maniacs batting - Pitching for Balzac Rams : RHP Steve Deal
|
Batting: RHB Miguel González
|
0-0: Called Strike 0-1: Ball 1-1: Ball 2-1: Called Strike 2-2: Ball 3-2: Fly out, F9 (Line Drive, 9)
|
Batting: RHB Héctor Vázquez
|
0-0: Called Strike 0-1: Ball 1-1: Called Strike 1-2: Strikes out swinging
|
Batting: RHB David Strickland
|
0-0: Ball 1-0: Foul Ball, location: 2F 1-1: Called Strike 1-2: Strikes out swinging
|
Bottom of the 2nd over - 0 run(s), 0 hit(s), 0 error(s), 0 left on base; Balzac 1 - Menlo 0 |
TOP OF THE 3RD |
Balzac Rams batting - Pitching for Menlo Maniacs : RHP Johnny Bryant
|
Batting: RHB Jason Ward
|
0-0: Swinging Strike 0-1: Ground out 6-3 (Groundball, 6)
|
Batting: RHB Tomás Díaz
|
0-0: Swinging Strike 0-1: SINGLE (Flyball, 89S)
|
Batting: RHB Brian Parks
|
0-0: Swinging Strike 0-1: Grounds into double play, 6-4-3 (Groundball, 6)
|
Top of the 3rd over - 0 run(s), 1 hit(s), 0 error(s), 0 left on base; Balzac 1 - Menlo 0 |
BOTTOM OF THE 3RD |
Menlo Maniacs batting - Pitching for Balzac Rams : RHP Steve Deal
|
Batting: RHB Gabriel Erwin
|
0-0: Ground out 3-1 (Groundball, 34S)
|
Batting: LHB Mike Harris
|
0-0: Called Strike 0-1: Ball 1-1: Foul Ball, location: 2F 1-2: Ball 2-2: Ball 3-2: Base on Balls
|
Batting: LHB Keith Green
|
0-0: Called Strike 0-1: Ball 1-1: Called Strike Mike Harris steals 2nd base 1-2: Foul Ball, location: 2F 1-2: Ground out 6-3 (Groundball, 6M) Mike Harris to third
|
Batting: LHB Vicente Chávez
|
0-0: Called Strike 0-1: Ball 1-1: SINGLE (Flyball, 8LS) Mike Harris scores
|
Batting: RHB Javier Ortíz
|
0-0: Foul Ball, location: 2F 0-1: Foul Ball, location: 2F 0-2: Fly out, F4 (Popup, 4D)
|
Bottom of the 3rd over - 1 run(s), 1 hit(s), 0 error(s), 1 left on base; Balzac 1 - Menlo 1 |
TOP OF THE 4TH |
Balzac Rams batting - Pitching for Menlo Maniacs : RHP Johnny Bryant
|
Batting: LHB Fernando Cruz
|
0-0: Ball 1-0: SINGLE (Groundball, 34D)
|
Batting: LHB Daniel Carter
|
0-0: Ball 1-0: Called Strike 1-1: Swinging Strike 1-2: Ball 2-2: Fly out, F7 (Flyball, 7LMF)
|
Batting: RHB Jeff Stevenson
|
0-0: Ball 1-0: Ball 2-0: Swinging Strike 2-1: Fly out, F2 (Popup, 5S)
|
Batting: RHB Enrique Castillo
|
0-0: Called Strike 0-1: Foul Ball, location: 2F 0-2: Ball 1-2: Foul Ball, location: 2F 1-2: Strikes out swinging
|
Top of the 4th over - 0 run(s), 1 hit(s), 0 error(s), 1 left on base; Balzac 1 - Menlo 1 |
BOTTOM OF THE 4TH |
Menlo Maniacs batting - Pitching for Balzac Rams : RHP Steve Deal
|
Batting: RHB Vaughan Price
|
0-0: Foul Ball, location: 2F 0-1: Foul Ball, location: 2F 0-2: Ball 1-2: Strikes out looking
|
Batting: RHB Miguel González
|
0-0: Ball 1-0: Ball 2-0: SINGLE (Groundball, 6MD)
|
Batting: RHB Héctor Vázquez
|
0-0: Ball 1-0: Fly out, F8 (Flyball, 89D)
|
Batting: RHB David Strickland
|
0-0: Called Strike 0-1: Ball 1-1: Called Strike 1-2: Foul Ball, location: 2F 1-2: Foul Ball, location: 2F 1-2: Fly out, F8 (Line Drive, 8RM)
|
Bottom of the 4th over - 0 run(s), 1 hit(s), 0 error(s), 1 left on base; Balzac 1 - Menlo 1 |
TOP OF THE 5TH |
Balzac Rams batting - Pitching for Menlo Maniacs : RHP Johnny Bryant
|
Batting: RHB Tommy Wilson
|
0-0: Called Strike 0-1: Ball 1-1: Called Strike 1-2: Foul Ball, location: 2F 1-2: Ball 2-2: Reached on error, E4 (Groundball, 4)
|
Batting: RHB Ricardo Muńóz
|
0-0: Ball 1-0: Called Strike 1-1: Ball 2-1: Ball 3-1: Base on Balls
|
Batting: RHB Jason Ward
|
0-0: Ball 1-0: Ball 2-0: SINGLE (Groundball, 6D) Tommy Wilson to third Ricardo Muńóz to second Runner from 3rd tries for Home, throw and OUT! Ricardo Muńóz to third Jason Ward to second
|
Batting: RHB Tomás Díaz
|
0-0: Ball 1-0: Fly out, F6 (Popup, 6D)
|
Batting: RHB Brian Parks
|
0-0: Fly out, F7 (Line Drive, 7)
|
Top of the 5th over - 0 run(s), 1 hit(s), 1 error(s), 2 left on base; Balzac 1 - Menlo 1 |
BOTTOM OF THE 5TH |
Menlo Maniacs batting - Pitching for Balzac Rams : RHP Steve Deal
|
Batting: RHB Gabriel Erwin
|
0-0: SINGLE (Line Drive, 6D)
|
Batting: LHB Mike Harris
|
0-0: Fly out, F9 (Flyball, 9)
|
Batting: LHB Keith Green
|
0-0: Ball Gabriel Erwin steals 2nd base 1-0: Ball 2-0: Ball 3-0: Base on Balls
|
Batting: LHB Vicente Chávez
|
0-0: Ball 1-0: Ball 2-0: Ball Gabriel Erwin steals 3rd base Keith Green to second 3-0: Base on Balls
|
Batting: RHB Javier Ortíz
|
0-0: Foul Ball, location: 2F 0-1: Called Strike 0-2: Strikes out swinging
|
Batting: RHB Vaughan Price
|
0-0: Called Strike 0-1: Fly out, F2 (Popup, 34S)
|
Bottom of the 5th over - 0 run(s), 1 hit(s), 0 error(s), 3 left on base; Balzac 1 - Menlo 1 |
TOP OF THE 6TH |
Balzac Rams batting - Pitching for Menlo Maniacs : RHP Johnny Bryant
|
Batting: LHB Fernando Cruz
|
0-0: Fly out, F8 (Line Drive, 8RM)
|
Batting: LHB Daniel Carter
|
0-0: Ball 1-0: Called Strike 1-1: Ball 2-1: Ball 3-1: Foul Ball, location: 2F 3-2: Base on Balls
|
Batting: RHB Jeff Stevenson
|
0-0: Ball 1-0: Fly out, F7 (Flyball, 78M)
|
Batting: RHB Enrique Castillo
|
0-0: Ball 1-0: Ball Daniel Carter is caught stealing 2nd base
|
Top of the 6th over - 0 run(s), 0 hit(s), 0 error(s), 0 left on base; Balzac 1 - Menlo 1 |
BOTTOM OF THE 6TH |
Menlo Maniacs batting - Pitching for Balzac Rams : RHP Steve Deal
|
Batting: RHB Miguel González
|
0-0: Called Strike 0-1: DOUBLE (Flyball, 78D)
|
Batting: RHB Héctor Vázquez
|
0-0: Foul Ball, location: 2F 0-1: Ball 1-1: Swinging Strike 1-2: Ball 2-2: SINGLE (Line Drive, 89S) Miguel González to third Runner from 3rd tries for Home, SAFE, no throw
|
Batting: RHB David Strickland
|
0-0: Called Strike 0-1: Ball 1-1: Ball 2-1: Ground out 3-1 (Groundball, 2R) Héctor Vázquez to second
|
Batting: RHB Gabriel Erwin
|
0-0: SINGLE (Line Drive, 7S) Héctor Vázquez to third Runner from 3rd tries for Home, SAFE, no throw
|
Batting: LHB Mike Harris
|
0-0: Ground out 4-3 (Groundball, 34) Gabriel Erwin to second
|
Batting: LHB Keith Green
|
0-0: Ball 1-0: Called Strike 1-1: Fly out, F8 (Flyball, 8LD)
|
Bottom of the 6th over - 2 run(s), 3 hit(s), 0 error(s), 1 left on base; Balzac 1 - Menlo 3 |
TOP OF THE 7TH |
Balzac Rams batting - Pitching for Menlo Maniacs : RHP Johnny Bryant
|
Batting: RHB Enrique Castillo
|
0-0: Foul Ball, location: 2F 0-1: Ground out 4-3 (Groundball, 4)
|
Batting: RHB Tommy Wilson
|
0-0: Called Strike 0-1: Ball 1-1: Ground out 5-3 (Groundball, 56)
|
Batting: RHB Ricardo Muńóz
|
0-0: Called Strike 0-1: Ball 1-1: Swinging Strike 1-2: Ball 2-2: Ground out 1-3 (Groundball, P)
|
Top of the 7th over - 0 run(s), 0 hit(s), 0 error(s), 0 left on base; Balzac 1 - Menlo 3 |
BOTTOM OF THE 7TH |
Menlo Maniacs batting - Pitching for Balzac Rams : RHP Steve Deal
|
Batting: LHB Vicente Chávez
|
0-0: Ball 1-0: Called Strike 1-1: Swinging Strike 1-2: Ball 2-2: Foul Ball, location: 2F 2-2: Strikes out swinging
|
Pitching: LHP Martin Balsano
|
|
Batting: RHB Javier Ortíz
|
0-0: Ball 1-0: DOUBLE (Line Drive, 9LM)
|
Batting: RHB Vaughan Price
|
0-0: Called Strike 0-1: Ball 1-1: Ball 2-1: Swinging Strike 2-2: Strikes out swinging
|
Batting: RHB Miguel González
|
0-0: Foul Ball, location: 2F 0-1: Called Strike 0-2: Ball 1-2: Fly out, F4 (Line Drive, 4)
|
Bottom of the 7th over - 0 run(s), 1 hit(s), 0 error(s), 1 left on base; Balzac 1 - Menlo 3 |
TOP OF THE 8TH |
Balzac Rams batting - Pitching for Menlo Maniacs : RHP Johnny Bryant
|
Pitching: RHP Domingo Franco
|
|
Batting: RHB Jason Ward
|
0-0: Called Strike 0-1: SINGLE (Line Drive, 6M)
|
Batting: RHB Tomás Díaz
|
0-0: Ball 1-0: Called Strike 1-1: Ground out 5-3 (Groundball, 6S) Jason Ward to second
|
Batting: RHB Brian Parks
|
0-0: SINGLE (Groundball, 6MD) Jason Ward to third Runner from 3rd tries for Home, SAFE, no throw
|
Batting: LHB Fernando Cruz
|
0-0: Called Strike 0-1: Swinging Strike 0-2: Ball 1-2: Strikes out swinging
|
Batting: LHB Daniel Carter
|
0-0: Swinging Strike 0-1: Ball 1-1: Ball 2-1: Called Strike 2-2: Strikes out swinging
|
Top of the 8th over - 1 run(s), 2 hit(s), 0 error(s), 1 left on base; Balzac 2 - Menlo 3 |
BOTTOM OF THE 8TH |
Menlo Maniacs batting - Pitching for Balzac Rams : LHP Martin Balsano
|
Batting: RHB Héctor Vázquez
|
0-0: Called Strike 0-1: Called Strike 0-2: Ball 1-2: Ball 2-2: Foul Ball, location: 2F 2-2: Ball 3-2: Ground out 6-3 (Groundball, 6S)
|
Batting: RHB David Strickland
|
0-0: Called Strike 0-1: Ball 1-1: Called Strike 1-2: SINGLE (Line Drive, 4MD)
|
Pinch Hitting: RHB Juan Robles
|
0-0: Ball 1-0: SINGLE (Line Drive, 8LS) David Strickland to second
|
Batting: LHB Mike Harris
|
0-0: SINGLE (Line Drive, 8LS) David Strickland to third Juan Robles to second
|
Batting: LHB Keith Green
|
0-0: Called Strike 0-1: Ball 1-1: Swinging Strike 1-2: Foul Ball, location: 2F 1-2: Strikes out swinging
|
Batting: LHB Vicente Chávez
|
0-0: Called Strike 0-1: Ball 1-1: Fielders Choice at 2nd, 4-6 (Groundball, 4)
|
Bottom of the 8th over - 0 run(s), 3 hit(s), 0 error(s), 2 left on base; Balzac 2 - Menlo 3 |
TOP OF THE 9TH |
Balzac Rams batting - Pitching for Menlo Maniacs : RHP Domingo Franco
|
Pitching: RHP Steve Poe
|
|
Now in CF: Tim Ramsey
|
|
Now in RF: José Martínez
|
|
Batting: RHB Jeff Stevenson
|
0-0: Ball 1-0: Foul Ball, location: 2F 1-1: Foul Ball, location: 2F 1-2: Foul Ball, location: 2F 1-2: Strikes out swinging
|
Pinch Hitting: RHB Félix Quintero
|
0-0: Called Strike 0-1: Ball 1-1: Swinging Strike 1-2: Fly out, F8 (Flyball, 8LM)
|
Batting: RHB Tommy Wilson
|
0-0: Called Strike 0-1: Foul Ball, location: 2F 0-2: Strikes out swinging
|
Top of the 9th over - 0 run(s), 0 hit(s), 0 error(s), 0 left on base; Balzac 2 - Menlo 3 |
|